AoeStats
← [MGG] Galo

African Clearing

506333713Analyzed
4v4 RM · 19d ago on Sep 13, 2026· 74m 14s· 8 players
Game mode
Random Map
Map size
Large (8 player)
Population
200
Speed
Normal
Resources
Standard
Victory
Conquest
Starting age
Dark Age
Ending age
Imperial Age
RankedLock teamsTeams togetherTeam positionsShared explorationLock speedFull tech treeHidden civsTurbo modeCheats
Victory
Defeat
🇦🇷 Koreans · Argentina
1503
+13
🇨🇳 Berbers · China
1479
+14
🇨🇳 Persians · China
1478
+14
🇵🇱 Huns · Poland
1474
+14
🇹🇼 Magyars · Taiwan
1508
-18
🇹🇼 Hindustanis · Taiwan
1473
-15
🇹🇼 Portuguese · Taiwan
1371
-11
🇹🇼 Mongols · Taiwan
1368
-11
网恋被骗50块
3:54 Loom
12:13 Feudal Age
18:43 Castle Age
16:36 Double-Bit Axe
16:48 Horse Collar
17:27 Stone Mining
17:53 Gold Mining
18:25 Bloodlines
20:10 Fletching
22:52 Bodkin Arrow
27:42 Wheelbarrow
29:11 Padded Archer Armor
29:13 Husbandry
31:56 Heavy Plow
33:05 Wheelbarrow
32:17 Town Watch
34:48 Ballistics
36:48 Hand Cart
37:18 Gold Shaft Mining
37:06 Leather Archer Armor
36:59 Thumb Ring
40:50 Imperial Age
37:47 Light Cavalry
38:48 Forging
38:43 Scale Barding Armor
38:36 Murder Holes
38:22 Treadmill Crane
41:21 Kasbah
41:02 Cavalier
42:08 Conscription
42:19 Bow Saw
42:56 Bracer
43:26 Ring Archer Armor
44:01 Chemistry
43:07 Siege Engineers
42:37 Heavy Camel Rider
44:17 Masonry
44:32 Chain Barding Armor
44:47 Iron Casting
46:33 Crop Rotation
46:43 Plate Barding Armor
48:35 Blast Furnace
50:00 Elite Camel Archer
51:15 Hoardings
51:15 Maghrebi Camels
53:51 Hoardings
57:25 Hussar
[MGG] Galo
11:39 Loom
13:24 Feudal Age
17:40 Castle Age
16:35 Double-Bit Axe
18:39 Scale Mail Armor
21:35 Forging
42:16 Bow Saw
43:05 Horse Collar
45:43 Wheelbarrow
45:09 Heavy Plow
46:38 Chain Mail Armor
46:58 Iron Casting
46:47 Heavy Plow
46:41 Gold Mining
47:18 Hand Cart
46:49 Town Watch
49:08 Squires
48:53 Gambesons
48:54 Arson
53:06 Imperial Age
53:00 Fletching
53:19 Elite Fire Lancer
54:30 Plate Mail Armor
53:55 Capped Ram
55:10 Conscription
55:52 Scale Barding Armor
61:25 Chain Barding Armor
61:00 Bodkin Arrow
61:10 Town Patrol
62:12 Two-Man Saw
62:01 Heavy Rocket Cart
64:25 Bracer
香辣鸡翅
11:28 Feudal Age
9:50 Loom
11:56 Double-Bit Axe
18:46 Fletching
26:07 Castle Age
24:09 Gold Mining
25:19 Forging
40:35 Horse Collar
44:02 Wheelbarrow
44:49 Bloodlines
49:34 Imperial Age
47:38 Scale Barding Armor
48:21 Hand Cart
48:01 Stone Mining
50:11 Chain Barding Armor
49:35 Cavalier
50:36 Husbandry
51:39 Town Watch
54:02 Plate Barding Armor
54:02 Iron Casting
53:06 Heavy Camel Rider
54:31 Conscription
56:01 Bow Saw
55:56 Heavy Plow
57:00 Town Patrol
57:33 Onager
58:27 Light Cavalry
65:04 Two-Man Saw
71:21 Hussar
73:22 Crop Rotation
AfricanNija
5:36 Loom
13:25 Feudal Age
14:08 Double-Bit Axe
15:19 Fletching
21:39 Castle Age
21:00 Town Watch
21:33 Gold Mining
25:49 Bodkin Arrow
26:35 Padded Archer Armor
31:24 Husbandry
34:25 Horse Collar
41:48 Wheelbarrow
43:08 Bloodlines
46:36 Bow Saw
50:25 Gold Shaft Mining
57:39 Imperial Age
55:29 Hand Cart
57:55 Thumb Ring
58:02 Heavy Plow
58:52 Ballistics
59:33 Chemistry
58:35 Bracer
57:58 Heavy Cavalry Archer
59:04 Stone Mining
60:23 Two-Man Saw
60:27 Parthian Tactics
60:34 Leather Archer Armor
60:25 Scale Barding Armor
60:31 Forging
59:42 Light Cavalry
60:47 Hussar
63:25 Chain Barding Armor
65:15 Iron Casting
65:16 Plate Barding Armor
67:45 Blast Furnace
66:58 Masonry
68:32 Conscription
70:27 Elite Genitour
mung bean cake
7:44 Loom
11:24 Feudal Age
12:03 Double-Bit Axe
12:14 Horse Collar
17:33 Wheelbarrow
17:49 Scale Barding Armor
21:19 Bloodlines
28:28 Castle Age
32:21 Bow Saw
40:14 Chain Barding Armor
44:34 Imperial Age
43:29 Hand Cart
43:12 Gold Mining
44:46 Husbandry
44:56 Cavalier
46:18 Plate Barding Armor
46:33 Conscription
47:11 Fletching
47:10 Paladin
47:24 Light Cavalry
50:45 Bodkin Arrow
52:39 Hussar
55:51 Corvinian Army
68:21 Caravan
75:10 Two-Man Saw
74:16 Heavy Plow
Pork bun
3:19 Loom
13:20 Feudal Age
13:26 Feudal Age
15:02 Town Watch
22:22 Fletching
34:58 Castle Age
38:14 Double-Bit Axe
39:36 Horse Collar
46:12 Wheelbarrow
45:53 Bow Saw
52:27 Heavy Plow
56:25 Bloodlines
56:15 Husbandry
56:49 Hand Cart
60:50 Imperial Age
58:49 Scale Barding Armor
58:54 Forging
58:43 Gold Mining
60:18 Gold Shaft Mining
59:13 Light Cavalry
60:59 Hussar
61:09 Elite Steppe Lancer
62:12 Chain Barding Armor
62:28 Iron Casting
62:16 Conscription
65:55 Blast Furnace
70:35 Bodkin Arrow
70:40 Padded Archer Armor
lee_j0
4:22 Loom
14:22 Feudal Age
18:51 Castle Age
18:32 Double-Bit Axe
21:20 Bow Saw
29:13 Redemption
33:05 Horse Collar
43:31 Town Watch
50:35 Imperial Age
48:33 Scale Mail Armor
49:21 Wheelbarrow
49:09 Heavy Plow
49:39 Masonry
49:24 Gold Mining
49:30 Pikeman
50:51 Chain Mail Armor
51:46 Conscription
52:18 Siege Engineers
52:38 Halberdier
55:36 Plate Mail Armor
55:55 Hand Cart
56:15 Elite Organ Gun
59:17 Forging
60:15 Block Printing
60:21 Sanctity
63:25 Iron Casting
63:53 Chemistry
64:39 Ballistics
64:50 Architecture
64:28 Arquebus
67:42 Bombard Tower
嘎人
6:13 Loom
13:23 Feudal Age
17:02 Castle Age
18:05 Double-Bit Axe
19:02 Bow Saw
18:34 Horse Collar
19:19 Scale Mail Armor
23:06 Forging
26:23 Chain Mail Armor
30:39 Town Watch
31:31 Wheelbarrow
32:00 Squires
31:45 Arson
33:59 Heavy Plow
35:45 Scale Barding Armor
41:14 Husbandry
41:58 Gold Mining
44:59 Imperial Age
43:10 Chain Barding Armor
43:51 Bloodlines
44:18 Iron Casting
44:13 Hand Cart
44:23 Stone Mining
45:02 Heavy Camel Rider
46:22 Plate Barding Armor
47:18 Imperial Camel Rider
49:19 Conscription
50:51 Blast Furnace
49:55 Light Cavalry
51:21 Fletching
50:54 Hussar
51:56 Bodkin Arrow
54:03 Elite Ghulam
55:31 Gold Shaft Mining
55:31 Stone Shaft Mining
57:39 Chemistry
59:05 Hoardings
59:16 Grand Trunk Road
59:17 Bracer
67:04 Masonry
Connection lost

Rejoining the realm…

Still unreachable

The connection could not be restored.

Session expired

The server has moved on; the page needs a fresh start.